 Dungeon Sprint DCSS version 0.29-a0-512-gf59ac788ac (webtiles) character file.

Game seed: 6757630522262745677

24710 mhtbhm the Wrestler (level 12, -2/138 HPs)
             Began as a Troll Transmuter on May 29, 2022.
             Was an Initiate of Gozag.
             Slain by an eight-headed hydra (13 damage)
             ... in the Dungeon (Sprint IX: "|||||||||||||||||||||||||||||").
             The game lasted 00:08:31 (2296 turns).

mhtbhm the Wrestler (Troll Transmuter)              Turns: 2296, Time: 00:08:32

Health: -2/138     AC:  7    Str: 23    XL:     12   Next: 83%
Magic:  19/23      EV: 14    Int: 11    God:    Gozag
Gold:   5467       SH:  0    Dex: 10    Spells: 18/28 levels left

rFire   x . .      SeeInvis .     - Unarmed
rCold   + + +      Faith    .   (shield currently unavailable)
rNeg    . . .      Spirit   .   (body armour currently unavailable)
rPois   +          Reflect  .   (helmet currently unavailable)
rElec   .          Harm     .   (cloak currently unavailable)
rCorr   .          Rampage  .   (gloves unavailable)
Will    .....      NoTele   +   (boots unavailable)
Stlth   +++.......              (no amulet)
HPRegen 1.13/turn               l - +2 ring of evasion
MPRegen 0.18/turn               C - ring of protection from cold

@: ice-form
A: freezing attack, amphibious, boosted hp, large, unfitting armour, (claws 3),
regeneration 1, (shaggy fur 1), (tough skin 1)
a: End Transformation, Renounce Religion, Potion Petition, Call Merchant, Bribe
Branch


You were in the Dungeon.
You worshipped Gozag.
Gozag was greatly pleased with you.
You were a creature of crystalline ice.
You visited 1 branch You collected 11442 gold pieces.
You spent 2916 gold pieces at shops.
You paid 3059 gold pieces to Gozag.

Inventory:

Missiles
 n - a curare-tipped dart
 y - 7 javelins
Armour
 a - a +2 robe of resistance (melded)
 m - a +1 hat of see invisible (melded)
 t - a +0 cloak of stealth (melded)
 v - the +7 fire dragon scales of the Illusory Beggars {rPois rF++ rC-}
   (You bought it in a shop in the Dungeon)

   rF:        It greatly protects you from fire.
   rC:        It makes you vulnerable to cold.
   rPois:     It protects you from poison.
Jewellery
 l - a +2 ring of evasion (left front paw)
 B - a ring of fire
 C - a ring of protection from cold (right front paw)
 D - a ring of positive energy
 E - a ring of protection from fire
Wands
 k - a wand of iceblast (3)
 w - a wand of acid (8)
 x - a wand of polymorph (11)
Scrolls
 h - 4 scrolls of blinking
 j - 2 scrolls of amnesia
 r - 2 scrolls of fog
 s - 8 scrolls of enchant armour
 u - a scroll of summoning
 A - a scroll of poison
 G - a scroll of fear
 H - a scroll of immolation
Potions
 b - 2 potions of lignification
 c - 6 potions of curing
 d - 11 potions of heal wounds
 e - a potion of haste
 f - 5 potions of magic
 g - 3 potions of berserk rage
 i - a potion of invisibility
 o - 3 potions of mutation
 p - a potion of brilliance
 F - 2 potions of might
Miscellaneous
 q - a condenser vane
 z - a lightning rod (4/4)


   Skills:
 + Level 6.9 Fighting
 + Level 0.9 Armour
 + Level 9.6 Dodging
 + Level 5.0 Stealth
 + Level 22.8 Unarmed Combat
 + Level 8.9 Spellcasting
 + Level 9.9 Transmutations
 + Level 5.2 Ice Magic
 + Level 3.1 Evocations


You had 18 spell levels left.
You knew the following spells:

 Your Spells              Type           Power      Damage    Failure   Level
a - Beastly Appendage     Tmut           52%        N/A       1%          1
b - Wereblood             Tmut           26%        N/A       1%          2
c - Spider Form           Tmut/Pois      15%        N/A       5%          3
d - Ice Form              Ice/Tmut       21%        N/A       6%          4

Your spell library contained the following spells:

 Spells                   Type           Power      Damage    Failure   Level


Dungeon Overview and Level Annotations

Branches:
Dungeon (1/1)

Altars:
Cheibriados
Dithmenos
Elyvilon
Fedhas
Gozag
Hepliaklqana
Kikubaaqudgha
Makhleb
Nemelex Xobeh
Okawaru
Qazlal
Ru
Sif Muna
Trog
Uskayaw
Vehumet
Wu Jian
Xom
Yredelemnul
Zin
The Shining One
Beogh
Jiyva
Lugonu

Shops:
D [:*[*[:*


Innate Abilities, Weirdness & Mutations

You are a creature of crystalline ice.
You have a powerful freezing melee attack.
You are amphibious.
Your maximum health is increased.
Your armour is entirely melded.
You are incapable of wielding weapons or throwing items.
You are too large for most types of armour.
((You have claws for hands.))
Your natural rate of healing is unusually fast.
((You are covered in fur. (AC +1)))
((You have tough skin. (AC +1)))


Message History

Your +2 robe of resistance melds into your body.
You feel less stealthy.
You feel less perceptive.
You feel hot and cold all over.
Unknown command.
You open the door.
The eight-headed hydra roars!
The spriggan rider shouts!
The eight-headed hydra bites you!
The eight-headed hydra barely misses you.
The eight-headed hydra closely misses you.
The eight-headed hydra bites you but does no damage. x2
The eight-headed hydra bites you.
The eight-headed hydra closely misses you.
The eight-headed hydra bites you!
There is an open door to the Swamp, spattered with blood here.
You pummel the eight-headed hydra!! You freeze the eight-headed hydra.
The eight-headed hydra is heavily wounded.
Unknown command.
You hit the eight-headed hydra but do no damage.
The eight-headed hydra is heavily wounded.
The eight-headed hydra bites you. The eight-headed hydra bites you!
The eight-headed hydra bites you. The eight-headed hydra bites you!
The eight-headed hydra bites you. The eight-headed hydra bites you!
The eight-headed hydra bites you. The eight-headed hydra bites you!
The spriggan rider hits you from afar with a +0 spear!!
* * * LOW HITPOINT WARNING * * *
You hit the eight-headed hydra. You freeze the eight-headed hydra.
The eight-headed hydra is heavily wounded.
The eight-headed hydra bites you!
* * * LOW HITPOINT WARNING * * *
The eight-headed hydra completely misses you.
The eight-headed hydra barely misses you.
The eight-headed hydra bites you.
* * * LOW HITPOINT WARNING * * *
The eight-headed hydra bites you.
* * * LOW HITPOINT WARNING * * *
The eight-headed hydra bites you.
* * * LOW HITPOINT WARNING * * *
The eight-headed hydra bites you!
You die...
Your body crumbles into a pile of gold.

)))))...))))).).)))∩∩...........▓
▓▓▓▓▓▓▓▓▓▓▓▓▓▓▓▓▓▓▓▓▓▓▓▓▓▓▓▓▓▓▓▓▓
................................▓
▓▓▓▓▓▓▓▓▓▓▓▓▓▓▓▓▓▓▓▓▓▓▓▓▓▓▓▓▓▓▓.▓
[[[[[[[[.)))))))).....'.........▓
▓▓▓▓▓▓▓▓▓▓▓▓▓▓▓▓▓▓▓▓▓▓▓▓▓▓▓▓▓▓▓▓▓
................................▓
▓▓▓▓▓▓▓♣♣♣♣♣♣♣♣♣♣▓▓▓▓▓▓▓▓▓▓▓▓▓▓.▓
+.....$$iDY...............▓
▓♣♣♣♣♣♣♣♣♣♣▓▓▓▓▓▓▓▓▓▓▓▓▓▓▓▓


You could see an eight-headed hydra and a spriggan rider.

Vanquished Creatures
  A frost giant (D)
  2 stone giants (D)
  2 fire dragons (D)
  4 hydras (D)
  A rakshasa (D)
  An ice dragon (D)
  An ogre mage (D)
  2 centaur warriors (D)
  Erica (D)
  Urug (D)
  A spriggan druid (D)
  A bog body (D)
  A swamp dragon (D)
  A deep elf pyromancer (D)
  3 orc knights (D)
  5 orc sorcerers (D)
  An ugly thing (D)
  A manticore (D)
  A cyclops (D)
  A will-o-the-wisp (D)
  7 cane toads (D)
  3 komodo dragons (D)
  2 rime drakes (D)
  2 yaktaurs (D)
  A tyrant leech (D)
  2 trolls (D)
  A hornet (D)
  2 blink frogs (D)
  A vampire (D)
  A wyvern (D)
  A wraith (D)
  A basilisk (D)
  3 vampire mosquitoes (D)
  3 water moccasins (D)
  10 orc warriors (D)
  A centaur (D)
  3 bullfrogs (D)
  A kobold brigand (D)
  A gnoll sergeant (D)
  2 scorpions (D)
  A killer bee (D)
  4 orc priests (D)
  2 iguanas (D)
  14 orc wizards (D)
  A dart slug (D)
  2 orcs (D)
  A giant cockroach (D)
  A hobgoblin (D)
  A quokka (D)
  A frilled lizard (D)
  A rat (D)
109 creatures vanquished.

Vanquished Creatures (others)
  A bloated husk (D)
  A foxfire (D)
2 creatures vanquished.

Grand Total: 111 creatures vanquished

Notes
Turn   | Place    | Note
-------+----------+-------------------------------------------
     0 | D        | mhtbhm the Troll Transmuter began the quest for the Orb.
     0 | D        | Reached XP level 1. HP: 18/18 MP: 1/1
    19 | D        | Reached skill level 4 in Unarmed Combat
   127 | D        | Noticed an iguana
   127 | D        | Noticed an iguana
   127 | D        | Noticed a scorpion
   127 | D        | Noticed a scorpion
   129 | D        | Reached XP level 2. HP: 26/26 MP: 0/3
   267 | D        | Learned a level 2 spell: Wereblood
   298 | D        | Killed a scorpion
   299 | D        | Reached skill level 6 in Unarmed Combat
   299 | D        | Reached XP level 3. HP: 32/32 MP: 0/5
   299 | D        | Reached XP level 4. HP: 40/40 MP: 0/6
   306 | D        | Killed a scorpion
   307 | D        | Reached skill level 1 in Fighting
   307 | D        | Reached skill level 7 in Unarmed Combat
   310 | D        | Reached skill level 8 in Unarmed Combat
   310 | D        | Reached XP level 5. HP: 29/48 MP: 1/8
   383 | D        | Found a snail-covered altar of Cheibriados.
   383 | D        | Found a shadowy altar of Dithmenos.
   383 | D        | Found a white marble altar of Elyvilon.
   383 | D        | Found a blossoming altar of Fedhas.
   383 | D        | Found an opulent altar of Gozag.
   384 | D        | Found a hazy altar of Hepliaklqana.
   385 | D        | Found a viscous altar of Jiyva.
   386 | D        | Found an ancient bone altar of Kikubaaqudgha.
   387 | D        | Found a corrupted altar of Lugonu.
   388 | D        | Found a burning altar of Makhleb.
   389 | D        | Found a sparkling altar of Nemelex Xobeh.
   390 | D        | Found an iron altar of Okawaru.
   391 | D        | Found a stormy altar of Qazlal.
   393 | D        | Became a worshipper of Gozag Ym Sagoz the Greedy
   395 | D        | Found a sacrificial altar of Ru.
   396 | D        | Found a shimmering blue altar of Sif Muna.
   397 | D        | Found a bloodstained altar of Trog.
   398 | D        | Found a hide-covered altar of Uskayaw.
   399 | D        | Found a radiant altar of Vehumet.
   400 | D        | Found an ornate altar of the Wu Jian Council.
   401 | D        | Found a shimmering altar of Xom.
   402 | D        | Found a basalt altar of Yredelemnul.
   403 | D        | Found a glowing silver altar of Zin.
   404 | D        | Found a glowing golden altar of the Shining One.
   434 | D        | Learned a level 3 spell: Spider Form
   439 | D        | Learned a level 4 spell: Ice Form
   441 | D        | Noticed a hornet
   441 | D        | Noticed a vampire
   441 | D        | Noticed a wyvern
   445 | D        | Killed a wyvern
   446 | D        | Reached skill level 9 in Unarmed Combat
   446 | D        | Reached XP level 6. HP: 55/55 MP: 2/11
   450 | D        | Reached skill level 10 in Unarmed Combat
   458 | D        | Killed a vampire
   459 | D        | Reached skill level 11 in Unarmed Combat
   459 | D        | Reached skill level 5 in Transmutations
   459 | D        | Reached XP level 7. HP: 55/65 MP: 4/13
   459 | D        | Killed a hornet
   460 | D        | Reached skill level 5 in Spellcasting
   460 | D        | Reached skill level 1 in Ice Magic
   534 | D        | Noticed a troll
   534 | D        | Noticed a troll
   534 | D        | Noticed a wraith
   534 | D        | Noticed a centaur warrior
   534 | D        | Noticed a deep elf pyromancer
   536 | D        | Killed a deep elf pyromancer
   537 | D        | Reached skill level 5 in Dodging
   537 | D        | Reached skill level 12 in Unarmed Combat
   537 | D        | Reached XP level 8. HP: 69/74 MP: 7/15
   541 | D        | Killed a centaur warrior
   542 | D        | Reached skill level 13 in Unarmed Combat
   546 | D        | Reached skill level 14 in Unarmed Combat
   546 | D        | Reached XP level 9. HP: 79/83 MP: 8/17
   549 | D        | Killed a troll
   552 | D        | Killed a troll
   707 | D        | Noticed a cane toad
   707 | D        | Noticed a komodo dragon
   715 | D        | Noticed a rime drake
   716 | D        | Killed a komodo dragon
   717 | D        | Reached skill level 15 in Unarmed Combat
   717 | D        | Noticed a cane toad
   729 | D        | Killed a cane toad
   734 | D        | Reached skill level 1 in Stealth
   734 | D        | Killed a rime drake
   735 | D        | Killed a cane toad
   736 | D        | Reached skill level 16 in Unarmed Combat
   736 | D        | Reached XP level 10. HP: 93/93 MP: 14/19
   776 | D        | Noticed a six-headed hydra
   776 | D        | Noticed a four-headed hydra
   776 | D        | Noticed a five-headed hydra
   784 | D        | Killed a five-headed hydra
   789 | D        | Killed a four-headed hydra
   791 | D        | Reached skill level 17 in Unarmed Combat
   803 | D        | Killed a six-headed hydra
   816 | D        | Reached skill level 5 in Fighting
   866 | D        | Noticed a cane toad
   866 | D        | Noticed a cane toad
   866 | D        | Noticed a cane toad
   866 | D        | Noticed a cane toad
   871 | D        | Killed a cane toad
   872 | D        | Reached skill level 18 in Unarmed Combat
   877 | D        | Killed a cane toad
   878 | D        | Reached XP level 11. HP: 88/104 MP: 18/21
   944 | D        | Acquired 1069 gold pieces
  1005 | D        | Noticed Erica
  1010 | D        | Killed Erica
  1034 | D        | Noticed Urug
  1047 | D        | Killed Urug
  1048 | D        | Reached skill level 19 in Unarmed Combat
  1048 | D        | Reached skill level 1 in Evocations
  1195 | D        | Bought a potion of berserk rage for 60 gold pieces
  1195 | D        | Bought a potion of curing for 36 gold pieces
  1215 | D        | Noticed an orc knight
  1229 | D        | Killed an orc knight
  1375 | D        | Noticed an orc knight
  1377 | D        | Noticed an orc knight
  1391 | D        | Killed an orc knight
  1396 | D        | Killed an orc knight
  1494 | D        | Found Ychurod's Antique Armour Boutique.
  1494 | D        | Noticed an orc sorcerer
  1494 | D        | Noticed an orc sorcerer
  1495 | D        | Noticed an orc sorcerer
  1498 | D        | Found Riyzy's Assorted Antiques.
  1498 | D        | Noticed an orc sorcerer
  1502 | D        | Killed an orc sorcerer
  1503 | D        | Reached skill level 20 in Unarmed Combat
  1503 | D        | Noticed a soul eater
  1509 | D        | Found Ditarask's Book Boutique.
  1511 | D        | Killed an orc sorcerer
  1512 | D        | Killed an orc sorcerer
  1512 | D        | Killed an orc sorcerer
  1513 | D        | Found Qiucil's Antique Armour Shop.
  1513 | D        | Noticed an orc sorcerer
  1520 | D        | Killed an orc sorcerer
  1599 | D        | Bought a scroll labelled GYKKY HOSK for 22 gold pieces
  1599 | D        | Bought a potion of mutation for 176 gold pieces
  1599 | D        | Bought a scroll labelled GYKKY HOSK for 22 gold pieces
  1599 | D        | Bought a scroll labelled DAKKAS FYGORI for 22 gold pieces
  1599 | D        | Bought a scroll of identify for 44 gold pieces
  1763 | D        | Bought the +7 fire dragon scales of the Illusory Beggars
                  | {rPois rF++ rC-} for 1252 gold pieces
  1818 | D        | Bought a +1 hat of see invisible for 208 gold pieces
  1818 | D        | Bought a +0 cloak of stealth for 149 gold pieces
  1818 | D        | Bought a lightning rod (4/4) for 390 gold pieces
  1818 | D        | Bought a scroll of immolation for 45 gold pieces
  1824 | D        | Bought a +2 robe of resistance for 490 gold pieces
  1856 | D        | Noticed a white ugly thing
  1856 | D        | Noticed a centaur warrior
  1856 | D        | Noticed an ogre mage
  1861 | D        | Paralysed by an ogre mage for 5 turns
  1870 | D        | Killed an ogre mage
  1871 | D        | Reached XP level 12. HP: 111/114 MP: 18/23
  1871 | D        | Killed a centaur warrior
  1872 | D        | Noticed a fire dragon
  1873 | D        | Noticed a stone giant
  1877 | D        | Reached skill level 21 in Unarmed Combat
  1881 | D        | Noticed an ice dragon
  1882 | D        | Noticed a rakshasa
  1885 | D        | Noticed a frost giant
  1885 | D        | Noticed a frost giant
  1887 | D        | Killed a fire dragon
  1889 | D        | Noticed a stone giant
  1892 | D        | Killed a stone giant
  1894 | D        | Noticed a fire dragon
  1901 | D        | Killed an ice dragon
  1907 | D        | Killed a rakshasa
  1908 | D        | Reached skill level 5 in Ice Magic
  1910 | D        | Killed a frost giant
  1911 | D        | Reached skill level 22 in Unarmed Combat
  1915 | D        | Killed a stone giant
  1924 | D        | Killed a fire dragon
  2097 | D        | Noticed a five-headed hydra
  2108 | D        | Noticed an eight-headed hydra
  2111 | D        | Killed a five-headed hydra
  2126 | D        | Reached skill level 5 in Stealth
  2296 | D        | Slain by an eight-headed hydra

Illustrated notes

Levels and vault maps discovered:
D:        linesprint [early_d, line_temple, items_1, d_10, items_2, lair_1,
          lair_end, items_3, orc_1, orc_end, items_4, d_15, swamp_1, shoals_1,
          snake_1, spider_1, d_20, vaults_1, items_5, swamp_end, shoals_end,
          snake_end, spider_end, vaults_end, d_27, items_6, zot_1, zot_end,
          crypt_end, forest_end, elf_end, slime_end, tomb_end, abyss_end,
          pan_hell_end]

Skill      XL: |  1  2  3  4  5  6  7  8  9 10 11 12 |
---------------+-------------------------------------+-----
Dodging        | 2 3 4 5 6 7 8 9 |  9.6
Unarmed Combat | 4 6 8 9 11 12 14 16 18 20 22 | 22.8
Spellcasting   | 2 3 4 5 6 7 8 |  8.9
Transmutations | 2 3 4 5 6 7 8 9 |  9.9
Fighting       | 1 2 3 4 5 6 |  6.9
Ice Magic      | 1 2 3 4 5 |  5.2
Stealth        | 1 2 4 5 |  5.0
Evocations     | 2 3 |  3.1
Armour         | |  0.9

Action                   |  1- 3 |  4- 6 |  7- 9 | 10-12 || total
-------------------------+-------+-------+-------+-------++-------
Melee: Unarmed           |    18 |    29 |    43 |   178 ||   268
       Kick              |     2 |     1 |       |     1 ||     4
       Headbutt          |     2 |     1 |       |     1 ||     4
       Punch             |       |     1 |       |       ||     1
 Cast: Beastly Appendage |     2 |     1 |       |     1 ||     4
       Wereblood         |     1 |     1 |     2 |     7 ||    11
       Ice Form          |       |     1 |     2 |     9 ||    12
Invok: Call Merchant     |       |       |       |     4 ||     4
       Potion Petition   |       |       |       |     1 ||     1
Evoke: Condenser vane    |       |       |       |     5 ||     5
       Wand              |       |       |       |     8 ||     8
  Use: Scroll            |       |       |       |     3 ||     3
       Potion            |       |       |       |     2 ||     2
 Stab: Distracted        |       |       |     2 |     1 ||     3
       Confused          |       |       |       |     6 ||     6
Armor: Robe              |     3 |     1 |       |     1 ||     5
       Skin              |       |     2 |    11 |    19 ||    32
Dodge: Dodged            |     8 |     8 |    10 |    60 ||    86

Table legend: (Time is in decaauts)
 A = Elapsed time spent in this place.
 B = Non-inter-level travel time spent in this place.
 C = Inter-level travel time spent in this place.
 D = Time resting spent in this place.
 E = Time spent auto-exploring this place.
 F = Levels seen in this place.
 G = Mean time per level.
                   A        B        C        D        E       F      G
               +--------+--------+--------+--------+--------+-----+--------+
         Total |   2212 |   2212 |      0 |    931 |    307 |   1 | 2212.0 |
       Dungeon |   2212 |   2212 |      0 |    931 |    307 |   1 | 2212.0 |
               +--------+--------+--------+--------+--------+-----+--------+

Top non-repeatable levels by time:
       D: 2212 daAuts
